Maple Leafs vs Kraken

Created - 23 décembre 2023 at 18:31

Goals
1 2 3 T
Maple Leafs 1 0 0 1
Kraken 0 0 3 3
Shots
1 2 3 T
Maple Leafs 11 18 10 39
Kraken 7 13 13 33

GoalsPenalties
1st period
1. Maple Leafs , Nick Cousins 11 (T.J. Oshie 21, Lars Eller 13) at 19:21
Ryan Hartman (SEA) for Hooking (Minor) at 8:22
Nick Cousins (TOR) for Holding (Minor) at 13:25
2nd period
No Goal
Jan Rutta (TOR) for High sticking (Minor) at 1:56
Justin Holl (SEA) for Cross-checking (Minor) at 10:25
David Perron (SEA) for Hooking (Minor) at 16:39
3rd period
2. Kraken , Justin Holl 3 (Zach Aston-Reese 3, Christopher Tanev 3) at 7:38
3. Kraken , Barclay Goodrow 5 (Ryan Donato 5, Radek Faksa 7) at 10:47
4. Kraken , Vladimir Tarasenko 16 (Ryan Hartman 27) at 18:47
David Perron (SEA) for Roughing (Minor) at 4:28
Charlie Coyle (SEA) for Roughing (Minor) at 16:08
Goalie Stats
Anthony Stolarz (TOR), 30 saves from 33 shots - (0,909), L, 8-3-0, 60:00 minutes
Frederik Andersen (SEA), 38 saves from 39 shots - (0,974), W, 22-19-1, 60:00 minutes
3 StarsOfficial
1 - Frederik Andersen (SEA)
2 - Barclay Goodrow (SEA)
3 - Vladimir Tarasenko (SEA)
Referees : Carter Sandlak and Gord Dwyer
Linesman : Erin Blair and Justine Todd
Game Note
7:44 of 3rd period - Maple Leafs goal is going for a video replay. After video review, No Goal. The goalkeeper has been pushed into the net together with the puck after making a save.
Finance
Level 1 -- Attendance: 4558 (76%) -- Ticket Income $455,800
Level 2 -- Attendance: 4151 (83%) -- Ticket Income $249,060
Level 3 -- Attendance: 2000 (100%) -- Ticket Income $70,000
Level 4 -- Attendance: 2533 (63%) -- Ticket Income $63,325
Luxury Box -- Attendance: 897 (90%) -- Ticket Income $179,400
Game was played at the Climate Pledge Arena.
Total Attendance: 14139 (79%)
Total Ticket Income: $1,017,585
Other Income: $305,276
Total Income: $1,322,861



Team Name Goals Shots Shots Attemp Shots Blocked PIM HIT PP PK FO%
Maple Leafs 1396244190 / 5 (0%)054%
Kraken 33357410170 / 2 (0%)046%

Maple Leafs
Player Name POS G A P +/- PIM HIT SHT SB MP PP MP PP SHT PK MP PK SHT FO% FOT GA TA
Brent BurnsD0000013024:356:4301:4300% 001
Cal ClutterbuckRW0000020010:100:0000:000100% 200
Colin MillerD0000011319:243:1200:2900% 000
Colton ParaykoD000-2012020:333:1202:2000% 010
Darnell NurseD0000022025:096:4302:3210% 021
Emil BemstromLW/RW000-1005012:190:0500:1400% 200
Filip ForsbergLW000-1013017:325:0400:00050% 210
Jan RuttaD000-2210016:090:0000:5200% 010
Lars EllerC0110001012:410:0002:08085% 1310
Mason AppletonC/RW0000022010:420:0500:0000% 111
Matt NietoLW/RW000-1002013:380:0502:0800% 100
Michael RasmussenC/LW0000044017:284:4611:36073% 1100
Nathan BeaulieuD0000001015:180:0000:0000% 001
Nick CousinsC/LW1010223016:054:4600:0000% 000
Ryan O'ReillyC000-1006019:085:0411:36040% 2000
Sam GagnerC/RW000-1013017:034:4600:14038% 800
T.J. OshieRW0110011115:415:0400:0000% 100
Vinnie HinostrozaLW/RW000-1000012:250:0000:00050% 400
Kraken
Player Name POS G A P +/- PIM HIT SHT SB MP PP MP PP SHT PK MP PK SHT FO% FOT GA TA
Artturi LehkonenLW/RW0000003018:281:5504:4900% 000
Barclay GoodrowC/LW1011022016:190:0004:570100% 121
Charlie CoyleC/RW0000221017:471:5503:57145% 2200
Christopher TanevD0112001121:170:0004:5700% 000
Connor MurphyD0000010019:341:3205:2700% 000
Curtis LazarC/RW000100116:320:0000:5100% 000
David PerronLW/RW0000432019:542:0300:0000% 100
Ilya LyubushkinD0001010010:550:0000:2400% 001
Jonas BrodinD000-1003126:312:2604:5800% 002
Justin HollD1012212021:371:3204:0400% 000
Oliver BjorkstrandLW/RW0000011013:511:5500:4500% 000
Radek FaksaC/LW0111011015:490:0004:27040% 500
Ryan DonatoC/LW0111001010:310:0000:0000% 000
Ryan HartmanC/RW0110223019:422:0300:04052% 3110
Ryan PoehlingC/LW000100105:410:0000:0000% 100
Seth JonesD0000004120:282:2600:0000% 011
Vladimir TarasenkoRW1010026019:232:0300:00025% 402
Zach Aston-ReeseLW/RW011101105:410:0000:0000% 000

Maple Leafs

5 vs 5 Forward
Line #Left WingCenterRight WingPHYDFOFWanted %Time %Time Play
1Filip ForsbergRyan O'ReillyVinnie Hinostroza0323131%14:09
2Nick CousinsMichael RasmussenT.J. Oshie0322525%11:29
3Matt NietoLars EllerMason Appleton0322322%10:19
4Emil BemstromSam GagnerCal Clutterbuck0322122%10:10
5 vs 5 Defense
Line #DefenseDefensePHYDFOFWanted %Time %Time Play
1Darnell NurseBrent Burns0323433%15:20
2Jan RuttaColton Parayko0323334%15:29
3Nathan BeaulieuColin Miller0323333%15:18
4Darnell NurseBrent Burns02300%0:00
Power Play Forward
Line #Left WingCenterRight WingPHYDFOFWanted %Time %Time Play
1Filip ForsbergRyan O'ReillyT.J. Oshie1136252%5:09
2Nick CousinsMichael RasmussenSam Gagner1133848%4:46
Power Play Defense
Line #DefenseDefensePHYDFOFWanted %Time %Time Play
1Darnell NurseBrent Burns1136868%6:43
2Colin MillerColton Parayko1133232%3:12
Penalty Kill 4 Players Forward
Line #CenterWingPHYDFOFWanted %Time %Time Play
1Lars EllerMatt Nieto0415460%2:22
2Ryan O'ReillyMichael Rasmussen1314640%1:36
Penalty Kill 4 Players Defense
Line #DefenseDefensePHYDFOFWanted %Time %Time Play
1Darnell NurseColton Parayko1315845%1:46
2Jan RuttaBrent Burns1314255%2:12
Penalty Kill 3 Players
Line #WingPHYDFOFWanted %Time %Time PlayDefenseDefensePHYDFOFWanted %Time %Time Play
1Ryan O'Reilly041580%0:00 Darnell NurseColton Parayko041580%0:00
2Lars Eller041420%0:00 Jan RuttaBrent Burns041420%0:00
4 vs 4 Forward
Line #CenterWingPHYDFOFWanted %Time %Time Play
1Ryan O'ReillyFilip Forsberg032550%0:00
2Lars EllerMason Appleton032450%0:00
4 vs 4 Defense
Line #DefensePHYDFOFWanted %Time %Time Play
1Darnell NurseBrent Burns032550%0:00
2Colin MillerColton Parayko032450%0:00
Last Minutes Offensive
Left WingCenterRight WingDefenseDefense
Filip ForsbergRyan O'ReillyT.J. OshieDarnell NurseBrent Burns
Last Minutes Defensive
Left WingCenterRight WingDefenseDefense
Michael RasmussenRyan O'ReillyMatt NietoDarnell NurseColton Parayko
Time
Total ForwardTotal DefenseLast Minutes OffensiveLast Minutes Defensive
60:00 60:00 0:000:00
Extra Forwards
Normal PowerPlayPenalty Kill
Ryan O'Reilly, Filip Forsberg, T.J. OshieFilip Forsberg, T.J. OshieLars Eller
Extra Defensemen
Normal PowerPlayPenalty Kill
Brent Burns, Darnell Nurse, Colton ParaykoBrent Burns, Darnell NurseColton Parayko
Penalty Shots
T.J. Oshie, Filip Forsberg, Ryan O'Reilly, Brent Burns, Sam Gagner
Goalie
Anthony Stolarz, Sergei Bobrovsky
Scratches
None

Kraken

5 vs 5 Forward
Line #Left WingCenterRight WingPHYDFOFWanted %Time %Time Play
1David PerronRyan HartmanVladimir Tarasenko1224039%18:11
2Oliver BjorkstrandCharlie CoyleArtturi Lehkonen1223025%11:44
3Barclay GoodrowRadek FaksaRyan Donato2212523%10:31
4Zach Aston-ReeseRyan PoehlingCurtis Lazar122512%5:41
5 vs 5 Defense
Line #DefenseDefensePHYDFOFWanted %Time %Time Play
1Seth JonesJonas Brodin0324041%19:03
2Christopher TanevJustin Holl0323536%16:39
3Connor MurphyIlya Lyubushkin0322522%10:20
4Seth JonesJonas Brodin13100%0:05
Power Play Forward
Line #Left WingCenterRight WingPHYDFOFWanted %Time %Time Play
1David PerronRyan HartmanVladimir Tarasenko1135052%2:03
2Oliver BjorkstrandCharlie CoyleArtturi Lehkonen1135048%1:55
Power Play Defense
Line #DefenseDefensePHYDFOFWanted %Time %Time Play
1Seth JonesJonas Brodin0236061%2:26
2Connor MurphyJustin Holl0234039%1:32
Penalty Kill 4 Players Forward
Line #CenterWingPHYDFOFWanted %Time %Time Play
1Radek FaksaBarclay Goodrow1315046%4:34
2Charlie CoyleArtturi Lehkonen1315054%5:21
Penalty Kill 4 Players Defense
Line #DefenseDefensePHYDFOFWanted %Time %Time Play
1Christopher TanevJustin Holl0325050%4:57
2Connor MurphyJonas Brodin0325050%4:58
Penalty Kill 3 Players
Line #WingPHYDFOFWanted %Time %Time PlayDefenseDefensePHYDFOFWanted %Time %Time Play
1Charlie Coyle050500%0:00 Christopher TanevJustin Holl050600%0:00
2Barclay Goodrow050500%0:00 Connor MurphyJustin Holl050400%0:00
4 vs 4 Forward
Line #CenterWingPHYDFOFWanted %Time %Time Play
1Charlie CoyleDavid Perron122500%0:00
2Ryan HartmanOliver Bjorkstrand122500%0:00
4 vs 4 Defense
Line #DefensePHYDFOFWanted %Time %Time Play
1Seth JonesJonas Brodin032500%0:00
2Connor MurphyChristopher Tanev032500%0:00
Last Minutes Offensive
Left WingCenterRight WingDefenseDefense
David PerronRyan HartmanVladimir TarasenkoSeth JonesJustin Holl
Last Minutes Defensive
Left WingCenterRight WingDefenseDefense
Radek FaksaBarclay GoodrowArtturi LehkonenJustin HollChristopher Tanev
Time
Total ForwardTotal DefenseLast Minutes OffensiveLast Minutes Defensive
60:00 60:00 0:000:00
Extra Forwards
Normal PowerPlayPenalty Kill
Ryan Hartman, David Perron, Vladimir TarasenkoRyan Hartman, David PerronBarclay Goodrow
Extra Defensemen
Normal PowerPlayPenalty Kill
Seth Jones, Justin Holl, Connor MurphySeth Jones, Justin HollConnor Murphy
Penalty Shots
Vladimir Tarasenko, David Perron, Charlie Coyle, Oliver Bjorkstrand, Artturi Lehkonen
Goalie
Frederik Andersen, Matt Murray
Scratches
Evgeny Svechnikov (Healthy), Brad Hunt (Healthy)


Play-by-Play

1st period


0:01 of 1st period - Ryan Hartman wins face-off versus Ryan O'Reilly in neutral zone.
0:28 of 1st period - Snap shot by Oliver Bjorkstrand.
0:28 of 1st period - Shot Misses the Net.
2:06 of 1st period - Snap shot by Charlie Coyle.
2:06 of 1st period - Shot Misses the Net.
2:26 of 1st period - Snap shot by Ryan Donato.
2:26 of 1st period - Shot Misses the Net.
3:08 of 1st period - Nathan Beaulieu is hit by Justin Holl.
3:12 of 1st period - Michael Rasmussen is hit by David Perron and loses puck.
3:33 of 1st period - Vinnie Hinostroza is hit by Charlie Coyle and loses puck.
3:42 of 1st period - Justin Holl is hit by Filip Forsberg and loses puck.
5:25 of 1st period - Jan Rutta is hit by Barclay Goodrow and loses puck.
5:36 of 1st period - Wrist shot by Radek Faksa.
5:36 of 1st period - Stopped by Anthony Stolarz without a rebound.
5:37 of 1st period - Ryan Hartman wins face-off versus Filip Forsberg in Maple Leafs zone.
5:42 of 1st period - Wrist shot by Ryan Hartman.
5:42 of 1st period - Stopped by Anthony Stolarz without a rebound.
5:43 of 1st period - Ryan Hartman wins face-off versus Ryan O'Reilly in Maple Leafs zone.
5:50 of 1st period - Snap shot by David Perron.
5:50 of 1st period - Shot Misses the Net.
6:09 of 1st period - Charlie Coyle is hit by T.J. Oshie and loses puck.
6:50 of 1st period - Wrist shot by T.J. Oshie.
6:50 of 1st period - Shot Blocked by Jonas Brodin.
6:56 of 1st period - Wrist shot by Nick Cousins.
6:56 of 1st period - Deflect By Michael Rasmussen.
6:56 of 1st period - Shot Blocked by Curtis Lazar.
6:56 of 1st period - Puck is out of play.
6:57 of 1st period - Ryan Hartman wins face-off versus Emil Bemstrom in Kraken zone.
7:25 of 1st period - Off-side.
7:26 of 1st period - Radek Faksa wins face-off versus Vinnie Hinostroza in neutral zone.
7:35 of 1st period - Snap shot by Filip Forsberg.
7:35 of 1st period - Stopped by Frederik Andersen with a rebound.
7:37 of 1st period - Slapshot by Vinnie Hinostroza.
7:37 of 1st period - Shot Misses the Net.
7:39 of 1st period - Slapshot by Ryan O'Reilly.
7:39 of 1st period - Stopped by Frederik Andersen with a rebound.
7:51 of 1st period - Snap shot by Filip Forsberg.
7:51 of 1st period - Stopped by Frederik Andersen with a rebound.
8:14 of 1st period - Slapshot by Ryan Donato.
8:14 of 1st period - Stopped by Anthony Stolarz without a rebound.
8:15 of 1st period - Lars Eller wins face-off versus Ryan Hartman in Maple Leafs zone.
8:15 of 1st period - Lars Eller is hit by Ryan Hartman.
8:22 of 1st period - Minor Penalty to Ryan Hartman for Hooking.
8:23 of 1st period - Charlie Coyle wins face-off versus Ryan O'Reilly in Kraken zone.
8:49 of 1st period - Radek Faksa is hit by Nick Cousins and loses puck.
10:22 of 1st period - Penalty to Ryan Hartman is over, Ryan Hartman is back on ice.
10:33 of 1st period - Snap shot by Ryan Hartman.
10:33 of 1st period - Shot Misses the Net.
10:35 of 1st period - Snap shot by Barclay Goodrow.
10:35 of 1st period - Shot Blocked by Colin Miller.
10:37 of 1st period - Slapshot by Justin Holl.
10:37 of 1st period - Stopped by Anthony Stolarz without a rebound.
10:38 of 1st period - Lars Eller wins face-off versus David Perron in Maple Leafs zone.
11:05 of 1st period - Oliver Bjorkstrand is hit by Cal Clutterbuck and loses puck.
11:50 of 1st period - Wrist shot by David Perron.
11:50 of 1st period - Shot Blocked by Colin Miller.
11:52 of 1st period - Snap shot by Ryan Hartman.
11:52 of 1st period - Shot Misses the Net.
13:25 of 1st period - Minor Penalty to Nick Cousins for Holding.
13:26 of 1st period - Lars Eller wins face-off versus Ryan Hartman in Maple Leafs zone.
13:32 of 1st period - Darnell Nurse is hit by David Perron and loses puck.
13:43 of 1st period - Colton Parayko is hit by David Perron and loses puck.
13:56 of 1st period - Slapshot by Michael Rasmussen.
13:56 of 1st period - Shot Misses the Net.
13:58 of 1st period - Slapshot by Colton Parayko.
13:58 of 1st period - Shot Misses the Net.
14:00 of 1st period - Slapshot by Darnell Nurse.
14:00 of 1st period - Deflect By David Perron.
14:00 of 1st period - Stopped by Frederik Andersen without a rebound.
14:01 of 1st period - Lars Eller wins face-off versus Charlie Coyle in Kraken zone.
14:12 of 1st period - Brent Burns is hit by Charlie Coyle and loses puck.
15:25 of 1st period - Penalty to Nick Cousins is over, Nick Cousins is back on ice.
15:38 of 1st period - Wrist shot by Nick Cousins.
15:38 of 1st period - Deflect By Matt Nieto.
15:38 of 1st period - Stopped by Frederik Andersen without a rebound.
15:39 of 1st period - Barclay Goodrow wins face-off versus Sam Gagner in Kraken zone.
16:29 of 1st period - Slapshot by Brent Burns.
16:29 of 1st period - Stopped by Frederik Andersen with a rebound.
17:19 of 1st period - Charlie Coyle is hit by Sam Gagner and loses puck.
18:17 of 1st period - Wrist shot by Charlie Coyle.
18:17 of 1st period - Deflect By Oliver Bjorkstrand.
18:17 of 1st period - Shot Misses the Net.
18:17 of 1st period - Puck is out of play.
18:18 of 1st period - Charlie Coyle wins face-off versus Ryan O'Reilly in Maple Leafs zone.
18:35 of 1st period - Wrist shot by Artturi Lehkonen.
18:35 of 1st period - Shot Misses the Net.
19:15 of 1st period - Slapshot by Nick Cousins.
19:15 of 1st period - Stopped by Frederik Andersen with a rebound.
19:17 of 1st period - Snap shot by Nick Cousins.
19:17 of 1st period - Stopped by Frederik Andersen with a rebound.
19:19 of 1st period - Wrist shot by Nick Cousins.
19:19 of 1st period - Shot Misses the Net.
19:21 of 1st period - Snap shot by Nick Cousins.
19:21 of 1st period - Goal by Nick Cousins - Maple Leafs : 1 - Kraken : 0.
19:22 of 1st period - Ryan Hartman wins face-off versus Sam Gagner in neutral zone.
19:29 of 1st period - Snap shot by David Perron.
19:29 of 1st period - Shot Misses the Net.
19:31 of 1st period - Backhand shot by Seth Jones.
19:31 of 1st period - Stopped by Anthony Stolarz with a rebound.
19:33 of 1st period - Snap shot by Vladimir Tarasenko.
19:33 of 1st period - Stopped by Anthony Stolarz with a rebound.
19:35 of 1st period - Snap shot by Vladimir Tarasenko.
19:35 of 1st period - Stopped by Anthony Stolarz without a rebound.
19:36 of 1st period - Ryan O'Reilly wins face-off versus Ryan Hartman in Maple Leafs zone.
19:41 of 1st period - Wrist shot by Colton Parayko.
19:41 of 1st period - Stopped by Frederik Andersen without a rebound.
19:42 of 1st period - Ryan Hartman wins face-off versus Vinnie Hinostroza in Kraken zone.
19:59 of 1st period - Slapshot by Ryan O'Reilly.
19:59 of 1st period - Stopped by Frederik Andersen without a rebound.
Goals for this period are 1 for Maple Leafs vs 0 for Kraken.
Shots for this period are 11 for Maple Leafs vs 7 for Kraken.

2nd period


0:01 of 2nd period - Ryan Hartman wins face-off versus Michael Rasmussen in neutral zone.
0:06 of 2nd period - Wrist shot by Nick Cousins.
0:06 of 2nd period - Shot Misses the Net.
0:08 of 2nd period - Snap shot by T.J. Oshie.
0:08 of 2nd period - Stopped by Frederik Andersen without a rebound.
0:09 of 2nd period - Michael Rasmussen wins face-off versus Ryan Hartman in Kraken zone.
0:28 of 2nd period - Wrist shot by Nick Cousins.
0:28 of 2nd period - Shot Blocked by Seth Jones.
0:30 of 2nd period - Wrist shot by Michael Rasmussen.
0:30 of 2nd period - Stopped by Frederik Andersen without a rebound.
0:31 of 2nd period - Sam Gagner wins face-off versus Charlie Coyle in Kraken zone.
1:27 of 2nd period - Slapshot by Christopher Tanev.
1:27 of 2nd period - Stopped by Anthony Stolarz without a rebound.
1:28 of 2nd period - Vinnie Hinostroza wins face-off versus Ryan Hartman in Maple Leafs zone.
1:35 of 2nd period - Snap shot by Seth Jones.
1:35 of 2nd period - Stopped by Anthony Stolarz without a rebound.
1:36 of 2nd period - Ryan Hartman wins face-off versus Ryan O'Reilly in Maple Leafs zone.
1:56 of 2nd period - Minor Penalty to Jan Rutta for High sticking.
1:57 of 2nd period - Lars Eller wins face-off versus Charlie Coyle in Maple Leafs zone.
2:23 of 2nd period - Seth Jones is hit by Colton Parayko and loses puck.
3:56 of 2nd period - Penalty to Jan Rutta is over, Jan Rutta is back on ice.
4:14 of 2nd period - Slapshot by Curtis Lazar.
4:14 of 2nd period - Stopped by Anthony Stolarz with a rebound.
4:20 of 2nd period - Wrist shot by Curtis Lazar.
4:20 of 2nd period - Shot Blocked by Colin Miller.
4:46 of 2nd period - Snap shot by Emil Bemstrom.
4:46 of 2nd period - Shot Misses the Net.
4:48 of 2nd period - Slapshot by Nathan Beaulieu.
4:48 of 2nd period - Stopped by Frederik Andersen with a rebound.
5:04 of 2nd period - Slapshot by Jan Rutta.
5:04 of 2nd period - Deflect By Sam Gagner.
5:04 of 2nd period - Stopped by Frederik Andersen without a rebound.
5:05 of 2nd period - Ryan Hartman wins face-off versus Michael Rasmussen in Kraken zone.
5:16 of 2nd period - Nick Cousins is hit by Vladimir Tarasenko and loses puck.
5:23 of 2nd period - David Perron is hit by Michael Rasmussen and loses puck.
6:00 of 2nd period - Icing by Colin Miller.
6:01 of 2nd period - Ryan O'Reilly wins face-off versus Ryan Hartman in Maple Leafs zone.
6:27 of 2nd period - Filip Forsberg is hit by Connor Murphy and loses puck.
7:21 of 2nd period - Off-side.
7:22 of 2nd period - Sam Gagner wins face-off versus Ryan Hartman in neutral zone.
7:25 of 2nd period - Christopher Tanev is hit by Jan Rutta and loses puck.
7:30 of 2nd period - Slapshot by Emil Bemstrom.
7:30 of 2nd period - Shot Misses the Net.
7:38 of 2nd period - Slapshot by Emil Bemstrom.
7:38 of 2nd period - Stopped by Frederik Andersen without a rebound.
7:39 of 2nd period - Lars Eller wins face-off versus Charlie Coyle in Kraken zone.
7:40 of 2nd period - Snap shot by Darnell Nurse.
7:40 of 2nd period - Shot Misses the Net.
7:56 of 2nd period - Snap shot by Artturi Lehkonen.
7:56 of 2nd period - Stopped by Anthony Stolarz with a rebound.
8:19 of 2nd period - Snap shot by Ryan Donato.
8:19 of 2nd period - Shot Misses the Net.
8:55 of 2nd period - Snap shot by Zach Aston-Reese.
8:55 of 2nd period - Stopped by Anthony Stolarz without a rebound.
8:56 of 2nd period - Charlie Coyle wins face-off versus Michael Rasmussen in Maple Leafs zone.
9:04 of 2nd period - Brent Burns is hit by Ilya Lyubushkin and loses puck.
9:13 of 2nd period - Snap shot by Artturi Lehkonen.
9:13 of 2nd period - Stopped by Anthony Stolarz without a rebound.
9:14 of 2nd period - Cal Clutterbuck wins face-off versus Ryan Hartman in Maple Leafs zone.
9:21 of 2nd period - Slapshot by Brent Burns.
9:21 of 2nd period - Stopped by Frederik Andersen with a rebound.
9:23 of 2nd period - Slapshot by Darnell Nurse.
9:23 of 2nd period - Stopped by Frederik Andersen with a rebound.
9:25 of 2nd period - Snap shot by Emil Bemstrom.
9:25 of 2nd period - Stopped by Frederik Andersen with a rebound.
9:27 of 2nd period - Slapshot by Brent Burns.
9:27 of 2nd period - Deflect By Sam Gagner.
9:27 of 2nd period - Stopped by Frederik Andersen without a rebound.
9:28 of 2nd period - Ryan Hartman wins face-off versus Sam Gagner in Kraken zone.
10:00 of 2nd period - Off-side.
10:01 of 2nd period - Lars Eller wins face-off versus Charlie Coyle in neutral zone.
10:08 of 2nd period - Snap shot by Lars Eller.
10:08 of 2nd period - Shot Misses the Net.
10:10 of 2nd period - Snap shot by Mason Appleton.
10:10 of 2nd period - Stopped by Frederik Andersen without a rebound.
10:11 of 2nd period - Lars Eller wins face-off versus Vladimir Tarasenko in Kraken zone.
10:25 of 2nd period - Minor Penalty to Justin Holl for Cross-checking.
10:26 of 2nd period - Charlie Coyle wins face-off versus Ryan O'Reilly in Kraken zone.
10:34 of 2nd period - Slapshot by Ryan O'Reilly.
10:34 of 2nd period - Stopped by Frederik Andersen without a rebound.
10:35 of 2nd period - Ryan O'Reilly wins face-off versus Radek Faksa in Kraken zone.
11:20 of 2nd period - Wrist shot by T.J. Oshie.
11:20 of 2nd period - Shot Misses the Net.
11:22 of 2nd period - Wrist shot by T.J. Oshie.
11:22 of 2nd period - Shot Misses the Net.
11:38 of 2nd period - Wrist shot by Charlie Coyle.
11:38 of 2nd period - Stopped by Anthony Stolarz without a rebound.
11:39 of 2nd period - Michael Rasmussen wins face-off versus Charlie Coyle in Maple Leafs zone.
11:55 of 2nd period - Slapshot by Michael Rasmussen.
11:55 of 2nd period - Stopped by Frederik Andersen without a rebound.
11:56 of 2nd period - Michael Rasmussen wins face-off versus Charlie Coyle in Kraken zone.
12:25 of 2nd period - Penalty to Justin Holl is over, Justin Holl is back on ice.
12:27 of 2nd period - Wrist shot by Barclay Goodrow.
12:27 of 2nd period - Stopped by Anthony Stolarz with a rebound.
13:20 of 2nd period - Wrist shot by Zach Aston-Reese.
13:20 of 2nd period - Shot Blocked by T.J. Oshie.
13:32 of 2nd period - Wrist shot by Ryan Poehling.
13:32 of 2nd period - Stopped by Anthony Stolarz with a rebound.
13:35 of 2nd period - Icing by Brent Burns.
13:36 of 2nd period - Michael Rasmussen wins face-off versus Charlie Coyle in Maple Leafs zone.
13:43 of 2nd period - Charlie Coyle is hit by Michael Rasmussen and loses puck.
13:56 of 2nd period - Snap shot by Michael Rasmussen.
13:56 of 2nd period - Stopped by Frederik Andersen without a rebound.
13:57 of 2nd period - Filip Forsberg wins face-off versus Ryan Hartman in Kraken zone.
14:00 of 2nd period - Slapshot by Filip Forsberg.
14:00 of 2nd period - Stopped by Frederik Andersen without a rebound.
14:01 of 2nd period - Ryan Hartman wins face-off versus Ryan O'Reilly in Kraken zone.
14:16 of 2nd period - Slapshot by Seth Jones.
14:16 of 2nd period - Stopped by Anthony Stolarz with a rebound.
14:32 of 2nd period - Slapshot by Emil Bemstrom.
14:32 of 2nd period - Stopped by Frederik Andersen with a rebound.
14:45 of 2nd period - Icing by Colton Parayko.
14:46 of 2nd period - Michael Rasmussen wins face-off versus Radek Faksa in Maple Leafs zone.
15:16 of 2nd period - Wrist shot by Ryan O'Reilly.
15:16 of 2nd period - Shot Misses the Net.
15:18 of 2nd period - Snap shot by Ryan O'Reilly.
15:18 of 2nd period - Stopped by Frederik Andersen without a rebound.
15:19 of 2nd period - Vinnie Hinostroza wins face-off versus Ryan Hartman in Kraken zone.
15:54 of 2nd period - Wrist shot by Ryan O'Reilly.
15:54 of 2nd period - Shot Misses the Net.
15:56 of 2nd period - Slapshot by Brent Burns.
15:56 of 2nd period - Stopped by Frederik Andersen without a rebound.
15:57 of 2nd period - Lars Eller wins face-off versus Charlie Coyle in Kraken zone.
16:08 of 2nd period - Snap shot by Lars Eller.
16:08 of 2nd period - Stopped by Frederik Andersen without a rebound.
16:09 of 2nd period - Charlie Coyle wins face-off versus Mason Appleton in Kraken zone.
16:22 of 2nd period - Snap shot by Oliver Bjorkstrand.
16:22 of 2nd period - Stopped by Anthony Stolarz with a rebound.
16:24 of 2nd period - Wrist shot by Jonas Brodin.
16:24 of 2nd period - Stopped by Anthony Stolarz with a rebound.
16:26 of 2nd period - Slapshot by Jonas Brodin.
16:26 of 2nd period - Stopped by Anthony Stolarz without a rebound.
16:27 of 2nd period - Vladimir Tarasenko wins face-off versus Sam Gagner in Maple Leafs zone.
16:39 of 2nd period - Minor Penalty to David Perron for Hooking.
16:40 of 2nd period - Ryan O'Reilly wins face-off versus Charlie Coyle in Kraken zone.
18:39 of 2nd period - Penalty to David Perron is over, David Perron is back on ice.
18:48 of 2nd period - Connor Murphy is hit by Mason Appleton.
18:52 of 2nd period - Connor Murphy is hit by Colin Miller and loses puck.
19:37 of 2nd period - Ryan O'Reilly is hit by Radek Faksa and loses puck.
Goals for this period are 0 for Maple Leafs vs 0 for Kraken.
Shots for this period are 18 for Maple Leafs vs 13 for Kraken.

3rd period


0:01 of 3rd period - Michael Rasmussen wins face-off versus Ryan Hartman in neutral zone.
0:51 of 3rd period - Ryan Donato is hit by Cal Clutterbuck and loses puck.
1:20 of 3rd period - Snap shot by Ryan Hartman.
1:20 of 3rd period - Stopped by Anthony Stolarz with a rebound.
1:22 of 3rd period - Wrist shot by Vladimir Tarasenko.
1:22 of 3rd period - Shot Misses the Net.
1:44 of 3rd period - Wrist shot by Nick Cousins.
1:44 of 3rd period - Shot Blocked by Christopher Tanev.
1:46 of 3rd period - Snap shot by Darnell Nurse.
1:46 of 3rd period - Deflect By Nick Cousins.
1:46 of 3rd period - Shot Hit the Post.
1:46 of 3rd period - Puck is out of play.
1:47 of 3rd period - Michael Rasmussen wins face-off versus Ryan Poehling in Kraken zone.
1:56 of 3rd period - Wrist shot by Seth Jones.
1:56 of 3rd period - Stopped by Anthony Stolarz without a rebound.
1:57 of 3rd period - Michael Rasmussen wins face-off versus Ryan Hartman in Maple Leafs zone.
2:08 of 3rd period - Slapshot by Jonas Brodin.
2:08 of 3rd period - Shot Misses the Net.
2:10 of 3rd period - Snap shot by Vladimir Tarasenko.
2:10 of 3rd period - Shot Misses the Net.
2:12 of 3rd period - Slapshot by Vladimir Tarasenko.
2:12 of 3rd period - Stopped by Anthony Stolarz with a rebound.
2:34 of 3rd period - Slapshot by Ryan O'Reilly.
2:34 of 3rd period - Stopped by Frederik Andersen with a rebound.
2:54 of 3rd period - Snap shot by Cal Clutterbuck.
2:54 of 3rd period - Shot Misses the Net.
2:56 of 3rd period - Slapshot by Emil Bemstrom.
2:56 of 3rd period - Stopped by Frederik Andersen without a rebound.
2:57 of 3rd period - Ryan Hartman wins face-off versus Lars Eller in Kraken zone.
2:57 of 3rd period - Ryan Hartman is hit by Mason Appleton.
3:05 of 3rd period - Snap shot by Matt Nieto.
3:05 of 3rd period - Stopped by Frederik Andersen without a rebound.
3:06 of 3rd period - Lars Eller wins face-off versus Ryan Hartman in Kraken zone.
3:09 of 3rd period - Wrist shot by Mason Appleton.
3:09 of 3rd period - Stopped by Frederik Andersen without a rebound.
3:10 of 3rd period - Ryan Hartman wins face-off versus Ryan O'Reilly in Kraken zone.
3:39 of 3rd period - Slapshot by Jonas Brodin.
3:39 of 3rd period - Deflect By Emil Bemstrom.
3:39 of 3rd period - Stopped by Anthony Stolarz without a rebound.
3:40 of 3rd period - Cal Clutterbuck wins face-off versus Charlie Coyle in Maple Leafs zone.
4:06 of 3rd period - T.J. Oshie is hit by Barclay Goodrow and loses puck.
4:28 of 3rd period - Minor Penalty to David Perron for Roughing.
4:29 of 3rd period - Ryan O'Reilly wins face-off versus Charlie Coyle in Kraken zone.
4:40 of 3rd period - Snap shot by Ryan O'Reilly.
4:40 of 3rd period - Deflect By Filip Forsberg.
4:40 of 3rd period - Shot Misses the Net.
4:40 of 3rd period - Puck is out of play.
4:41 of 3rd period - Charlie Coyle wins face-off versus Ryan O'Reilly in Kraken zone.
5:51 of 3rd period - Charlie Coyle is hit by Darnell Nurse and loses puck.
6:28 of 3rd period - Penalty to David Perron is over, David Perron is back on ice.
6:41 of 3rd period - Wrist shot by Michael Rasmussen.
6:41 of 3rd period - Stopped by Frederik Andersen without a rebound.
6:42 of 3rd period - Ryan Hartman wins face-off versus Ryan O'Reilly in Kraken zone.
7:36 of 3rd period - Slapshot by Zach Aston-Reese.
7:36 of 3rd period - Shot Misses the Net.
7:38 of 3rd period - Slapshot by Justin Holl.
7:38 of 3rd period - Goal by Justin Holl - Maple Leafs : 1 - Kraken : 1.
7:39 of 3rd period - Ryan O'Reilly wins face-off versus Vladimir Tarasenko in neutral zone.
7:42 of 3rd period - Wrist shot by Colin Miller.
7:42 of 3rd period - Stopped by Frederik Andersen with a rebound.
7:44 of 3rd period - Snap shot by Ryan O'Reilly.
7:44 of 3rd period - Deflect By David Perron.
7:44 of 3rd period - Maple Leafs goal is going for a video replay.
7:44 of 3rd period - The goal is refused. The goalkeeper has been pushed into the net together with the puck after making a save..
7:45 of 3rd period - Ryan O'Reilly wins face-off versus Ryan Hartman in Kraken zone.
8:14 of 3rd period - Snap shot by David Perron.
8:14 of 3rd period - Stopped by Anthony Stolarz with a rebound.
8:28 of 3rd period - Snap shot by Vladimir Tarasenko.
8:28 of 3rd period - Stopped by Anthony Stolarz with a rebound.
9:08 of 3rd period - Slapshot by David Perron.
9:08 of 3rd period - Stopped by Anthony Stolarz without a rebound.
9:09 of 3rd period - Charlie Coyle wins face-off versus Emil Bemstrom in Maple Leafs zone.
9:12 of 3rd period - Wrist shot by Artturi Lehkonen.
9:12 of 3rd period - Shot Misses the Net.
9:27 of 3rd period - Darnell Nurse is hit by Oliver Bjorkstrand and loses puck.
10:47 of 3rd period - Snap shot by Barclay Goodrow.
10:47 of 3rd period - Goal by Barclay Goodrow - Maple Leafs : 1 - Kraken : 2.
10:48 of 3rd period - Charlie Coyle wins face-off versus Matt Nieto in neutral zone.
11:15 of 3rd period - Vladimir Tarasenko is hit by Nick Cousins and loses puck.
12:13 of 3rd period - Slapshot by Emil Bemstrom.
12:13 of 3rd period - Stopped by Frederik Andersen with a rebound.
12:29 of 3rd period - Slapshot by Sam Gagner.
12:29 of 3rd period - Shot Misses the Net.
12:31 of 3rd period - Slapshot by Colton Parayko.
12:31 of 3rd period - Stopped by Frederik Andersen with a rebound.
12:37 of 3rd period - Wrist shot by Sam Gagner.
12:37 of 3rd period - Stopped by Frederik Andersen without a rebound.
12:38 of 3rd period - Ryan Hartman wins face-off versus Lars Eller in Kraken zone.
12:55 of 3rd period - Slapshot by Matt Nieto.
12:55 of 3rd period - Shot Misses the Net.
13:11 of 3rd period - Wrist shot by Charlie Coyle.
13:11 of 3rd period - Shot Misses the Net.
13:13 of 3rd period - Slapshot by Artturi Lehkonen.
13:13 of 3rd period - Stopped by Anthony Stolarz without a rebound.
13:14 of 3rd period - Charlie Coyle wins face-off versus Ryan O'Reilly in Maple Leafs zone.
13:41 of 3rd period - Nick Cousins is hit by Vladimir Tarasenko and loses puck.
14:04 of 3rd period - Matt Nieto is hit by Zach Aston-Reese and loses puck.
14:09 of 3rd period - Snap shot by Curtis Lazar.
14:09 of 3rd period - Shot Misses the Net.
14:33 of 3rd period - Slapshot by Jonas Brodin.
14:33 of 3rd period - Deflect By Ryan Donato.
14:33 of 3rd period - Shot Misses the Net.
14:33 of 3rd period - Puck is out of play.
14:34 of 3rd period - Ryan Hartman wins face-off versus Ryan O'Reilly in Maple Leafs zone.
14:37 of 3rd period - Snap shot by Ryan Hartman.
14:37 of 3rd period - Stopped by Anthony Stolarz without a rebound.
14:38 of 3rd period - Ryan O'Reilly wins face-off versus Ryan Hartman in Maple Leafs zone.
15:33 of 3rd period - Snap shot by Seth Jones.
15:33 of 3rd period - Deflect By Oliver Bjorkstrand.
15:33 of 3rd period - Shot Misses the Net.
15:33 of 3rd period - Puck is out of play.
15:34 of 3rd period - Charlie Coyle wins face-off versus Sam Gagner in Maple Leafs zone.
16:08 of 3rd period - Minor Penalty to Charlie Coyle for Roughing.
16:09 of 3rd period - Radek Faksa wins face-off versus T.J. Oshie in Kraken zone.
16:25 of 3rd period - Wrist shot by Ryan O'Reilly.
16:25 of 3rd period - Shot Misses the Net.
17:29 of 3rd period - Curtis Lazar is hit by Michael Rasmussen and loses puck.
18:06 of 3rd period - Jonas Brodin is hit by Brent Burns and loses puck.
18:08 of 3rd period - Penalty to Charlie Coyle is over, Charlie Coyle is back on ice.
18:29 of 3rd period - Slapshot by Vladimir Tarasenko.
18:29 of 3rd period - Stopped by Anthony Stolarz without a rebound.
18:30 of 3rd period - Sam Gagner wins face-off versus Vladimir Tarasenko in Maple Leafs zone.
18:30 of 3rd period - Sam Gagner is hit by Ryan Hartman.
18:45 of 3rd period - Slapshot by Ryan Hartman.
18:45 of 3rd period - Shot Misses the Net.
18:47 of 3rd period - Snap shot by Vladimir Tarasenko.
18:47 of 3rd period - Goal by Vladimir Tarasenko - Maple Leafs : 1 - Kraken : 3.
18:48 of 3rd period - Lars Eller wins face-off versus Radek Faksa in neutral zone.
19:15 of 3rd period - Vladimir Tarasenko is hit by Darnell Nurse and loses puck.
19:38 of 3rd period - Jonas Brodin is hit by Michael Rasmussen and loses puck.
Goals for this period are 0 for Maple Leafs vs 3 for Kraken.
Shots for this period are 10 for Maple Leafs vs 13 for Kraken.